 Dungeon Crawl Stone Soup version 0.25-a0-365-g7600c65aa0 (webtiles) character file.

Game seed: 1695228161922933608, levelgen mode: deterministic

6496 Inarius the Cleaver (level 10, -2/77 HPs)
             Began as a Demonspawn Abyssal Knight on Jan 5, 2020.
             Was a High Priest of Lugonu.
             Slain by a shadow (22 damage)
             ... on level 10 of the Dungeon.
             The game lasted 00:15:07 (9165 turns).

Inarius the Cleaver (Demonspawn Abyssal Knight)     Turns: 9165, Time: 00:15:07

Health: -2/77      AC: 21    Str: 19    XL:     10   Next: 68%
Magic:  0/15       EV: 10    Int: 14    God:    Lugonu [*****.]
Gold:   469        SH:  0    Dex: 13    Spells: 9/9 levels left

rFire    + . .     SeeInvis .   a - +3 quarterstaff (chaos)
rCold    . . .     Gourm    .   (shield currently unavailable)
rNeg     . . .     Faith    .   G - +4 scale mail {rF+}
rPois    .         Spirit   +   (helmet restricted)
rElec    .         Reflect  .   n - +0 cloak
rCorr    .         Harm     .   (no gloves)
MR       .....                  (no boots)
Stlth    ..........             D - amulet of rage
HPRegen  0.22/turn              k - +4 ring of strength
MPRegen  0.28/turn              q - +6 ring of protection

@: no status effects
A: antennae 2, slimy green scales 1, demonic guardian 2, magic shield, magic
regeneration
a: Depart the Abyss, Bend Space, Banish, Corrupt, Enter the Abyss, Renounce
Religion, Evoke Berserk Rage


You were on level 10 of the Dungeon.
You worshipped Lugonu.
Lugonu was extremely pleased with you.
You were near starving.

You visited 1 branch of the dungeon, and saw 10 of its levels.
You visited the Abyss 1 time.

You collected 469 gold pieces.

Inventory:

Hand Weapons
 a - a +3 quarterstaff of chaos (weapon)
 b - a +0 war axe
 A - a +1 hand axe
 F - a +1 whip of electrocution
Missiles
 l - 14 javelins (quivered)
 H - 3 throwing nets
Armour
 n - a +0 cloak (worn)
 G - a +4 scale mail of fire resistance (worn)
Jewellery
 k - a +4 ring of strength (left hand)
 q - a +6 ring of protection (right hand)
 D - an amulet of rage (around neck)
 E - an uncursed amulet of magic regeneration {unknown}
 J - an uncursed ring of resist corrosion
 N - an uncursed ring of positive energy
Wands
 z - a wand of digging (10)
 I - a wand of paralysis (14)
 L - a wand of flame (12)
 M - a wand of random effects (17)
Scrolls
 d - 9 scrolls of teleportation
 e - a scroll of enchant armour {unknown}
 g - 5 scrolls of fear
 h - 3 scrolls of magic mapping
 m - 4 scrolls of remove curse
 u - 2 scrolls of immolation {unknown}
 w - 2 scrolls of amnesia {unknown}
 x - 4 scrolls of fog {unknown}
 y - 2 scrolls of silence {unknown}
Potions
 f - 2 potions of brilliance {unknown}
 i - a potion of heal wounds
 j - 2 potions of resistance {unknown}
 o - 2 potions of mutation
 p - 3 potions of cancellation {unknown}
 r - a potion of magic {unknown}
 s - a potion of flight {unknown}
 t - 2 potions of degeneration {unknown}
 v - 4 potions of lignification {unknown}
 C - 3 potions of curing
 K - a potion of haste {unknown}
Miscellaneous
 B - a box of beasts
Comestibles
 c - 19 rations


   Skills:
 - Level 6.5 Fighting
 * Level 11.2 Axes
 - Level 0.1 Staves
 - Level 1.1 Throwing
 - Level 6.5 Armour
 - Level 1.0 Dodging
 - Level 7.4 Invocations
 - Level 1.9 Evocations


You had 9 spell levels left.
You didn't know any spells.
Your spell library contained the following spells:

 Spells                   Type           Power        Failure   Level  Hunger
 Beastly Appendage        Tmut           #.....       61%         1    ##.....
 Foxfire                  Conj/Fire      #...         61%         1    ##.....
 Sting                    Tmut/Pois      #...         61%         1    ##.....
 Poisonous Vapours        Pois/Air       #.....       75%         2    ###....
 Sticks to Snakes         Tmut           #.......     75%         2    ###....
 Conjure Flame            Conj/Fire      #.......     93%         3    ####...
 Ignite Poison            Fire/Tmut/Pois #.......     93%         3    ####...
 Inner Flame              Hex/Fire       #.......     93%         3    ####...
 Mephitic Cloud           Conj/Pois/Air  #.......     93%         3    ####...
 Spider Form              Tmut/Pois      #.........   93%         3    ####...
 Ice Form                 Ice/Tmut       #.......     100%        4    #####..
 Olgreb's Toxic Radiance  Pois           #.......     100%        4    #####..
 Sticky Flame             Conj/Fire      #.......     100%        4    #####..
 Blade Hands              Tmut           #.........   100%        5    ######.
 Fireball                 Conj/Fire      #.........   100%        5    ######.


Dungeon Overview and Level Annotations

Branches:
Dungeon (10/15)            Temple (0/1) D:4            Lair (0/6) D:9
    Orc: D:9-12

Altars:
Elyvilon
Kikubaaqudgha
Ru
Sif Muna
Uskayaw
Xom


Innate Abilities, Weirdness & Mutations

You have a pair of antennae on your head.
You are partially covered in slimy green scales. (AC +2)
A demonic guardian rushes to your aid.
When hurt, damage is shared between your health and your magic reserves.
You regenerate magic rapidly.


Message History

The shadow is heavily damaged.
The shadow hits you.
You hit the shadow.
The shadow is severely damaged.
The shadow slips into darkness.
The shadow flickers and vanishes!
Deactivating autopickup; reactivate with Ctrl-A.
The shadow strikes at you from the darkness!
* * * LOW HITPOINT WARNING * * *
Reactivating autopickup.
You hit the shadow but do no damage.
The shadow is severely damaged.
The shadow slips into darkness.
The shadow flickers and vanishes!
Deactivating autopickup; reactivate with Ctrl-A.
Unknown command.
You closely miss something.
A wight comes into view.
It is wielding a +0 halberd and carrying a wand of random effects (23).
The shadow strikes at you from the darkness!
You die...

...# ##.## ...#
#.# ...# #.# ...#
#.#
.#.##########.##
.#.............##
.#############..#
.# ##.##########.
.# #.@{.........
.# #............
.# ######..#####
.## .z# ..##
######## { { ..#{
...# #......#{{{
{.{ ..##
#.######{ z.## {
## ..## #.# { ..?
{{#####.
...#####.#### {
..# {#.##.#


You could see a wight (wandering).

Vanquished Creatures
  Pikel (D:7)
  2 hippogriffs
  3 flying skulls (D:10)
  A shadow (D:10)
  2 hogs (D:7)
  Edmund (D:4)
  Duvessa (D:4)
  A hornet zombie (D:10)
  2 phantoms
  A black bear (D:9)
  5 ogres
  3 centaurs
  A crocodile (D:9)
  8 bullfrogs
  2 scorpions (D:5)
  2 killer bees (D:7)
  3 howler monkeys
  5 crimson imps
  A centaur zombie (D:8)
  A quasit (D:7)
  3 bullfrog zombies
  2 jellies (D:6)
  8 hounds
  Crazy Yiuf (D:6)
  A centaur skeleton (D:10)
  2 orc priests
  2 bullfrog skeletons
  Jessica (D:3)
  6 worker ants
  An iguana (D:6)
  10 orc wizards
  A killer bee zombie (D:8)
  A hound skeleton (D:10)
  A howler monkey skeleton (D:4)
  4 gnolls
  12 adders
  5 oozes
  2 adder skeletons
  A dart slug (D:4)
  2 worms (D:2)
  5 leopard geckos
  23 orcs
  8 bats
  8 giant cockroaches
  6 goblins
  4 hobgoblins
  16 jackals
  2 quokkas
  4 ball pythons (D:1)
  4 frilled lizards
  4 kobolds
  A quokka skeleton (D:7)
  A quokka zombie (D:6)
  5 rats
203 creatures vanquished.

Vanquished Creatures (collateral kills)
  Harold (D:7)
  A two-headed ogre (D:10)
  2 hogs (D:7)
  A human (D:7)
  A wraith (D:10)
  An ice beast (D:8)
  A centaur (D:5)
  Dowan (D:4)
  A scorpion (D:5)
  A howler monkey (D:5)
  A jelly (D:6)
  A bullfrog skeleton (D:6)
  An orc priest (D:6)
  A hound (D:8)
  2 orc wizards
  2 worker ants
  A killer bee zombie (D:10)
  A hound skeleton (D:10)
  An adder (D:8)
  2 gnolls (D:5)
  An ooze (D:3)
  An adder zombie (D:5)
  3 worms
  4 orcs
  A hobgoblin (D:3)
  2 jackals (D:4)
  A goblin (D:3)
  A quokka zombie (D:10)
38 creatures vanquished.

Vanquished Creatures (others)
  A hornet (D:8)
  2 slaves (D:7)
  A killer bee (D:7)
  An orc priest (D:7)
  2 orcs (D:7)
  A jackal (D:7)
8 creatures vanquished.

Grand Total: 249 creatures vanquished

Notes
Turn   | Place    | Note
-------+----------+-------------------------------------------
     0 | Abyss:1  | Inarius the Demonspawn Abyssal Knight began the quest for
                  | the Orb.
     0 | Abyss:1  | Reached XP level 1. HP: 18/18 MP: 2/2
    35 | Abyss:1  | Noticed a large abomination
    37 | D:1      | Escaped the Abyss
    39 | D:1      | Found a runed translucent door.
   182 | D:1      | Reached * piety under Lugonu
   268 | D:1      | Gained mutation: You have a pair of small antennae on your
                  | head. [demonic ancestry]
   268 | D:1      | Reached XP level 2. HP: 20/24 MP: 4/4
   501 | D:1      | Reached skill level 2 in Axes
   524 | D:1      | Reached skill level 1 in Dodging
   566 | D:1      | Gained mutation: A weak demonic guardian rushes to your
                  | aid. [demonic ancestry]
   566 | D:1      | Reached XP level 3. HP: 21/29 MP: 5/5
   973 | D:1      | Reached ** piety under Lugonu
  1153 | D:2      | Reached XP level 4. HP: 26/35 MP: 6/6
  1289 | D:2      | Reached skill level 3 in Axes
  1427 | D:2      | Found a shimmering altar of Xom.
  1490 | D:2      | Found a shimmering blue altar of Sif Muna.
  1500 | D:2      | Found a white marble altar of Elyvilon.
  1767 | D:2      | Found a sacrificial altar of Ru.
  2088 | D:3      | Gained mutation: When hurt, damage is shared between your
                  | health and your magic reserves. [demonic ancestry]
  2088 | D:3      | Reached XP level 5. HP: 41/41 MP: 7/7
  2130 | D:3      | Noticed Jessica
  2137 | D:3      | Killed Jessica
  2296 | D:3      | Reached *** piety under Lugonu
  2298 | D:3      | Reached skill level 4 in Axes
  2423 | D:3      | Found an ancient bone altar of Kikubaaqudgha.
  2641 | D:4      | Gained mutation: You regenerate magic rapidly. [demonic
                  | ancestry]
  2641 | D:4      | Reached XP level 6. HP: 43/48 MP: 6/8
  2760 | D:4      | Noticed Edmund
  2777 | D:4      | Killed Edmund
  2920 | D:4      | Reached skill level 5 in Axes
  3081 | D:4      | Gained mutation: A demonic guardian rushes to your aid.
                  | [demonic ancestry]
  3081 | D:4      | Reached XP level 7. HP: 45/54 MP: 10/10
  3147 | D:4      | Noticed Duvessa
  3147 | D:4      | Noticed Dowan
  3150 | D:4      | Killed Duvessa
  3153 | D:4      | Killed Dowan
  3280 | D:4      | Found a staircase to the Ecumenical Temple.
  3338 | D:5      | Entered Level 5 of the Dungeon
  3426 | D:5      | Reached skill level 6 in Axes
  3574 | D:5      | Reached skill level 1 in Throwing
  3736 | D:5      | Reached XP level 8. HP: 23/61 MP: 8/11
  4024 | D:5      | Reached skill level 5 in Invocations
  4143 | D:5      | Reached skill level 7 in Axes
  4186 | D:5      | Reached **** piety under Lugonu
  4616 | D:6      | Noticed a hippogriff
  4632 | D:6      | Killed a hippogriff
  4863 | D:6      | Reached skill level 8 in Axes
  4879 | D:6      | Found a runed translucent door.
  4880 | D:6      | Noticed Crazy Yiuf
  4918 | D:6      | Killed Crazy Yiuf
  5038 | D:6      | Reached skill level 5 in Fighting
  5101 | D:6      | Gained mutation: You have a pair of antennae on your head.
                  | [demonic ancestry]
  5101 | D:6      | Reached XP level 9. HP: 67/68 MP: 13/13
  5309 | D:6      | Found a sacrificial altar of Ru.
  5563 | D:7      | Noticed Pikel
  5595 | D:7      | Killed Pikel
  5883 | D:7      | Reached skill level 9 in Axes
  5885 | D:7      | Reached skill level 5 in Armour
  5945 | D:7      | Noticed Harold
  5963 | D:7      | Killed Harold
  6059 | D:7      | Reached ***** piety under Lugonu
  6531 | D:8      | Paralysed by a hornet for 1 turns
  6890 | D:8      | Reached skill level 1 in Evocations
  6920 | D:8      | Gained mutation: You are partially covered in slimy green
                  | scales. (AC +2) [demonic ancestry]
  6920 | D:8      | Reached XP level 10. HP: 76/76 MP: 15/15
  7663 | D:9      | Noticed Maurice
  7668 | D:9      | Noticed Maurice
  7668 | D:9      | Killed Maurice the worm
  7755 | D:9      | Found a staircase to the Lair.
  7804 | D:9      | Reached skill level 10 in Axes
  8115 | D:9      | Found a hide-covered altar of Uskayaw.
  8521 | D:10     | Entered Level 10 of the Dungeon
  8700 | D:10     | Noticed a two-headed ogre
  8711 | D:10     | Killed a two-headed ogre
  9129 | D:10     | Reached skill level 11 in Axes
  9165 | D:10     | Slain by a shadow

Levels and vault maps discovered:
D:1:      dpeg_arrival_caged_fury, layout_rooms, eino_curves_01
D:2:      layout_rooms, nicolae_overflow_hidden_temple,
          chequers_serial_rivers_room_a, minmay_3d_cube
D:3:      layout_rooms, first_ration, minmay_crystal_water, lemuel_statue_altar,
          uniq_jessica
D:4:      layout_gridville, minmay_temple_entry_enclosed_plants, uniq_duvessa,
          uniq_edmund
D:5:      layout_cave_pods, minmay_bent
D:6:      minmay_inner_zag, layout_basic, grunt_ministairs_2,
          nicolae_ru_path_of_blood, uniq_crazy_yiuf_cottage
D:7:      layout_basic, grunt_livestock, uniq_pikel, uniq_harold
D:8:      layout_basic, serial_corexii_hall, chequers_hall_statues_wall_a,
          chequers_hall_statues_y, chequers_hall_statues_corner_a,
          chequers_hall_statues_wall_a
D:9:      layout_roguey, lair_entry_dummy, basic_altar, uniq_maurice
D:10:     hangedman_screamer, layout_loops_corners,
          chequers_serial_rivers_room_b, st_stairs_10

Skill      XL: |  1  2  3  4  5  6  7  8  9 10 |
---------------+-------------------------------+-----
Armour         | 2 3 4 6 |  6.5
Axes           | 2 3 4 5 6 8 9 11 | 11.2
Dodging        | 1 |  1.0
Invocations    | 3 4 5 7 |  7.4
Fighting       | 4 5 6 |  6.5
Throwing       | 1 |  1.1
Evocations     | 1 |  1.9
Staves         | |  0.1

Action                   |  1- 3 |  4- 6 |  7- 9 | 10-12 || total
-------------------------+-------+-------+-------+-------++-------
Melee: Hand axe          |   131 |   239 |   187 |       ||   557
       Quarterstaff      |       |       |   174 |   189 ||   363
       War axe           |       |       |     9 |    19 ||    28
Throw: Javelin           |       |    10 |     9 |       ||    19
Invok: Depart the Abyss  |     1 |       |       |       ||     1
       Banish            |       |       |     1 |       ||     1
  Use: Potion            |       |     1 |     1 |     1 ||     3
       Scroll            |       |     4 |     3 |     1 ||     8
 Stab: Distracted        |       |       |     2 |     1 ||     3
       Paralysed         |       |       |     8 |     2 ||    10
       Petrifying        |       |       |       |     2 ||     2
       Petrified         |       |       |       |     2 ||     2
  Eat: Chunk             |     1 |     7 |     9 |     6 ||    23
       Ration            |       |       |     1 |       ||     1
Armor: Leather armour    |    13 |       |       |       ||    13
       Chain mail        |    89 |   161 |   250 |       ||   500
       Scale mail        |       |       |    63 |   206 ||   269
Dodge: Dodged            |    66 |   101 |   159 |   123 ||   449

Table legend:
 A = Non-vault XP
 B = Vault XP
 C = Vault XP percentage of total XP
 D = Non-vault monster count
 E = Vault monster count
 F = Vault count percentage of total count
                 A         B        C        D         E       F
            +---------+---------+-------+---------+---------+-------
      Total |    5737 |    3543 |  38.2 |     195 |      47 |  19.4
            +---------+---------+-------+---------+---------+-------
        D:1 |      46 |      34 |  42.5 |      25 |      11 |  30.6
        D:2 |      69 |       5 |   6.8 |      17 |       2 |  10.5
        D:3 |     135 |      33 |  19.6 |      24 |       1 |   4.0
        D:4 |     295 |     270 |  47.8 |      17 |       3 |  15.0
        D:5 |     771 |     202 |  20.8 |      24 |       6 |  20.0
        D:6 |     932 |     119 |  11.3 |      23 |       3 |  11.5
        D:7 |     487 |    1770 |  78.4 |      18 |       7 |  28.0
        D:8 |    1429 |       0 |   0.0 |      30 |       0 |   0.0
        D:9 |     966 |       4 |   0.4 |      13 |       1 |   7.1
       D:10 |     607 |    1106 |  64.6 |       4 |      13 |  76.5
            +---------+---------+-------+---------+---------+-------
